 Dungeon Sprint DCSS version 0.18.1-8-gdd0e5ea (webtiles) character file.

1644 Hipnos the Unseen (level 8, -6/37 HPs)
             Began as a Spriggan Enchanter on May 21, 2016.
             Was a Priest of Jiyva.
             Shot with an arrow by a centaur warrior (16 damage)
             ... in the Dungeon (Sprint I: "Red Sonja").
             The game lasted 00:01:47 (158 turns).

Hipnos the Unseen (Spriggan Enchanter)               Turns: 158, Time: 00:01:48

Health: -6/37      AC:  3    Str:  5    XL:     8   Next: 67%
Magic:  8/20       EV: 23    Int: 17    God:    Jiyva [***...]
Gold:   307        SH:  0    Dex: 17    Spells: 2 memorised, 19 levels left

rFire  . . .     SeeInvis +     i - +3 dagger (vamp)
rCold  . . .     Gourm    .     b - +1 robe
rNeg   . . .     Faith    .     (shield restricted)
rPois  .         Spirit   .     (helmet restricted)
rElec  .         Dismiss  .     (no cloak)
rCorr  +         Reflect  .     (gloves unavailable)
SustAt .         Harm     .     (boots unavailable)
MR     +....     NoTele   +     (no amulet)
Stlth  ++++++++..               (no ring)
                                (no ring)

@: very quick, somewhat resistant to hostile enchantments, extraordinarily
stealthy
A: unfitting armour, see invisible, herbivore 3, speed 3, slow metabolism 2,
sturdy frame 1
a: Request Jelly, Jelly Paralyse, Renounce Religion


You were in the Dungeon.
You worshipped Jiyva.
Jiyva was most pleased with you.
You were not hungry.

You visited 1 branch You collected 307 gold pieces.

Inventory:

Hand Weapons
 a - a +1 dagger
 i - a +3 vampiric dagger (weapon)
Armour
 b - a +1 robe (worn)
Scrolls
 j - a scroll of blinking
 k - a scroll of fear {unknown}
Potions
 d - a potion of lignification {unknown}
 e - a potion of curing
 f - a potion of heal wounds
 g - a potion of haste
 h - 2 potions of magic
Books
 c - a book of Maledictions

   Spells                             Type                      Level
   a - Corona                         Hexes                        1
   b - Ensorcelled Hibernation        Hexes/Ice                    2
   c - Confuse                        Hexes                        3
   d - Tukima's Dance                 Hexes                        3
   e - Dazzling Spray                 Conjuration/Hexes            3


   Skills:
 + Level 0.5 Fighting
 + Level 1.7 Short Blades
 + Level 7.5 Dodging
 * Level 19.1 Stealth
 + Level 7.7 Spellcasting
 * Level 14.0 Hexes
 + Level 0.1 Ice Magic


You had 19 spell levels left.
You knew the following spells:

 Your Spells              Type           Power        Failure   Level  Hunger
a - Corona                Hex            ######.      1%          1    None
b - Ensorcelled Hibernat  Hex/Ice        ####..       1%          2    None


Dungeon Overview and Level Annotations

Branches:
Dungeon (1/1)

Altars:
Cheibriados
Dithmenos
Elyvilon
Fedhas
Gozag
Kikubaaqudgha
Makhleb
Nemelex Xobeh
Okawaru
Pakellas
Qazlal
Ru
Sif Muna
Trog
Vehumet
Xom
Yredelemnul
Zin
The Shining One
Jiyva

Shops:
D *[


Innate Abilities, Weirdness & Mutations

You are tiny and cannot use many weapons and most armour.
You have supernaturally acute eyesight.
You are a herbivore.
You cover ground extremely quickly.
You need consume almost no food.
Your movements are slightly less encumbered by armour (ER -2).


Message History

The centaur warrior shoots an arrow.
The arrow misses you.
Jiyva's power touches on your attributes.
Casting: Ensorcelled Hibernation
Confirm with . or Enter, or press ? or * to list all spells.
Aiming: Ensorcelled Hibernation
Press: ? - help, Shift-Dir - straight line, f/p - centaur warrior
Aim: a centaur warrior, wielding a shortbow (moderately wounded, chance to defeat MR: 41%)
The centaur warrior resists with some effort.
The centaur warrior shoots an arrow.
The arrow hits you!!
Ouch! That really hurt!
* * * LOW HITPOINT WARNING * * *
The centaur warrior shoots an arrow.
The arrow completely misses you.
Casting: Ensorcelled Hibernation
Confirm with . or Enter, or press ? or * to list all spells.
Aiming: Ensorcelled Hibernation
Press: ? - help, Shift-Dir - straight line, f/p - centaur warrior
Aim: a centaur warrior, wielding a shortbow (moderately wounded, chance to defeat MR: 41%)
The centaur warrior resists with some effort.
The centaur warrior shoots an arrow.
The arrow hits you!
You die...

#..#####'#####'#__#
#..####..#...#.####.§#
#..#__####..##.#§§≈§§#
#..#_.___##'#.).§§§§§+
#⌠⌠#_.∩..†'...§#§§§§§#
####_..._##_.#'##§####
#_____###+#%#[.)?#
####### ####§###)##
+(@†.c'.∩# ##########


You could see a centaur warrior.

Vanquished Creatures
  A centaur warrior (D)
  A deep troll (D)
  A slime creature (D)
  Sigmund (D)
  A yak (D)
  An ogre (D)
  Ijyb (D)
7 creatures vanquished.

Vanquished Creatures (others)
  A jelly (D)
1 creature vanquished.

Grand Total: 8 creatures vanquished

Notes
Turn   | Place    | Note
--------------------------------------------------------------
     0 | D        | Hipnos the Spriggan Enchanter began the quest for the Orb.
     0 | D        | Reached XP level 1. HP: 9/9 MP: 5/5
     1 | D        | Noticed Ijyb
    10 | D        | Killed Ijyb
    10 | D        | Reached skill level 7 in Stealth
    10 | D        | Reached skill level 5 in Hexes
    10 | D        | Reached XP level 2. HP: 13/13 MP: 7/7
    47 | D        | Learned a level 2 spell: Ensorcelled Hibernation
    57 | D        | Noticed an ogre
    60 | D        | Killed an ogre
    60 | D        | Reached skill level 10 in Stealth
    60 | D        | Reached XP level 3. HP: 15/16 MP: 7/9
    60 | D        | Reached XP level 4. HP: 19/21 MP: 8/11
    70 | D        | Noticed Sigmund
    73 | D        | Killed Sigmund
    73 | D        | Reached skill level 5 in Dodging
    73 | D        | Reached skill level 12 in Stealth
    73 | D        | Reached skill level 5 in Spellcasting
    73 | D        | Reached skill level 10 in Hexes
    73 | D        | Reached XP level 5. HP: 24/24 MP: 9/13
    73 | D        | Reached XP level 6. HP: 28/28 MP: 9/14
    86 | D        | Found a snail-covered altar of Cheibriados.
    86 | D        | Found a viscous altar of Jiyva.
    86 | D        | Found a shadowy altar of Dithmenos.
    86 | D        | Found a blossoming altar of Fedhas.
    86 | D        | Noticed a slime creature
    89 | D        | Killed a slime creature
    89 | D        | Reached skill level 14 in Stealth
    91 | D        | Became a worshipper of Jiyva Jigon the Shapeless
    94 | D        | Found a deep blue altar of Sif Muna.
    96 | D        | Found a radiant altar of Vehumet.
   101 | D        | Noticed a centaur warrior
   103 | D        | Found Nohakoz's Assorted Antiques.
   103 | D        | Found a white marble altar of Elyvilon.
   103 | D        | Found a stormy altar of Qazlal.
   103 | D        | Found a burning altar of Makhleb.
   103 | D        | Found a sacrificial altar of Ru.
   103 | D        | Found an oddly glowing altar of Pakellas.
   103 | D        | Found a basalt altar of Yredelemnul.
   103 | D        | Found a glowing golden altar of the Shining One.
   103 | D        | Found a sparkling altar of Nemelex Xobeh.
   103 | D        | Found a shimmering altar of Xom.
   103 | D        | Found an opulent altar of Gozag.
   103 | D        | Found an ancient bone altar of Kikubaaqudgha.
   103 | D        | Found a glowing silver altar of Zin.
   103 | D        | Noticed a yak
   104 | D        | Found an iron altar of Okawaru.
   105 | D        | Killed a yak
   105 | D        | Reached skill level 15 in Stealth
   105 | D        | Reached XP level 7. HP: 32/32 MP: 12/17
   105 | D        | Reached * piety under Jiyva
   106 | D        | Found a bloodstained altar of Trog.
   115 | D        | Reached ** piety under Jiyva
   121 | D        | Reached *** piety under Jiyva
   121 | D        | Gained mutation: Your movements are slightly less encumbered by armour (ER -2). [Jiyva's grace]
   129 | D        | Noticed a centaur warrior
   134 | D        | Killed a centaur warrior
   134 | D        | Reached skill level 17 in Stealth
   134 | D        | Reached XP level 8. HP: 37/37 MP: 13/19
   146 | D        | Noticed a deep troll
   150 | D        | Found Pohoykue's Armour Emporium.
   151 | D        | Killed a deep troll
   151 | D        | Reached skill level 19 in Stealth
   158 | D        | Shot with an arrow by a centaur warrior

Skill      XL: |  1  2  3  4  5  6  7  8 |
---------------+-------------------------+-----
Stealth        | 7 10 12 15 17 19 | 19.1
Spellcasting   | 3 4 5 6 7 |  7.7
Hexes          | 5 7 10 11 13 14 | 14.0
Dodging        | 4 5 6 7 |  7.5
Fighting       | |  0.5
Short Blades   | |  1.7
Ice Magic      | |  0.1

Action                   |  1- 3 |  4- 6 |  7- 9 || total
-------------------------+-------+-------+-------++-------
Melee: Dagger            |     7 |     3 |     3 ||    13
 Cast: Ensorcelled Hiber |       |       |     5 ||     5
  Use: Potion            |     1 |       |       ||     1
 Stab: Sleeping          |     2 |     3 |     2 ||     7
  Eat: Bread ration      |     1 |       |       ||     1
Armor: Robe              |       |       |     1 ||     1
Dodge: Dodged            |     3 |       |     4 ||     7
